Map: Abyssal Reef LE

Players

Zanster - Winner!

  • Race: Zerg Zerg
  • Spawn Location: 5:00

Optimus

  • Race: Terran Terran
  • Spawn Location: 11:00

Event: WCS Austin 2017

VOD

Have the link to the VOD?

Description

Time

  • Played on: April 28, 2017, 5:03 p.m.
  • Length: 22:48

All games in this series

Show
View Real Time Build Order
Export as new Build Order

Zanster Zerg - Winner!

Build Orders: Pool First, Muta Ling Bane 

Get SALT Encoding   

  12  0:01  Drone  
  13  0:12  Overlord  
  13  0:16  Drone  
  14  0:30  Drone x2  
  14  0:35  Drone  
  17  0:44  Spawning Pool  
  17  0:48  Drone  
  17  0:56  Drone  
  18  1:02  Extractor  
  17  1:06  Drone  
  18  1:18  Hatchery  
  17  1:20  Drone  
  18  1:29  Drone  
  19  1:33  Queen  
  19  1:38  Zergling x2  
  22  1:50  Overlord  
  22  2:05  Roach Warren  
  22  2:07  Drone  
  22  2:09  Queen  
  22  2:13  Metabolic Boost  
  24  2:18  Drone  
  24  2:22  Drone  
  27  2:31  Zergling x2  
  27  2:34  Queen  
  27  2:36  Overlord  
  30  2:43  Drone x3  
  33  2:46  Drone  
  34  2:51  Drone  
  34  2:53  Drone  
  35  2:59  Drone  
  35  3:03  Drone  
  37  3:13  Zergling x2  
  37  3:14  Zergling x2  
  37  3:19  Zergling x4  
  41  3:21  Drone x3  
  41  3:26  Overlord  
  44  3:27  Extractor  
  44  3:29  Drone  
  44  3:34  Hatchery  
  44  3:36  Overlord  
  43  3:47  Lair  
  43  3:50  Queen  
  43  3:51  Drone  
  43  3:52  Drone x2  
  43  3:55  Drone  
  49  3:56  Extractor  
  49  3:57  Drone  
  49  3:58  Drone  
  50  4:02  Baneling Nest  
  50  4:06  Zergling x4  
  50  4:08  Zergling x2  
  53  4:10  Zergling x2  
  53  4:12  Overlord  
  53  4:15  Drone  
  54  4:21  Overlord  
  53  4:26  Overlord  
  53  4:30  Queen, Overlord  
  52  4:35  Overlord  
  52  4:42  Zergling x4  
  52  4:44  Drone x3  
  57  4:46  Extractor  
  57  4:47  Baneling  
  57  4:48  Baneling x2  
  56  4:53  Extractor  
  56  4:55  Zergling x2  
  56  4:56  Zergling x4  
  58  5:02  Spire  
  58  5:07  Drone x4  
  56  5:08  Drone  
  56  5:09  Drone  
  56  5:14  Drone x2  
  61  5:17  Drone  
  63  5:24  Drone x3  
  64  5:29  Drone  
  64  5:32  Drone, Overlord  
  64  5:33  Drone x2  
  68  5:36  Drone x2  
  68  5:40  Drone x2  
  72  5:43  Overlord  
  72  5:46  Zergling x2  
  72  5:48  Overlord  
  73  5:50  Overlord  
  73  5:53  Drone x2  
  75  5:59  Baneling x5  
  75  6:00  Overlord  
  75  6:07  Zergling x6  
  75  6:10  Drone x6  
  82  6:11  Drone  
  82  6:15  Drone  
  82  6:16  Drone x3  
  82  6:24  Overlord  
  80  6:28  Extractor  
  80  6:29  Extractor  
  80  6:35  Mutalisk x5  
  89  6:42  Mutalisk x2  
  93  6:49  Mutalisk x2  
  97  6:54  Overlord  
  97  6:58  Zergling x14  
  104  7:01  Centrifical Hooks  
  104  7:06  Extractor x2  
  104  7:07  Evolution Chamber  
  104  7:08  Evolution Chamber  
  100  7:10  Zergling x10  
  100  7:11  Zergling x2  
  100  7:13  Baneling x2  
  106  7:18  Overlord  
  106  7:28  Overlord  
  106  7:30  Zergling x18  
  106  7:34  Zerg Ground Armor Level 1, Zerg Melee Weapons Level 1  
  106  7:35  Zergling x6  
  118  7:37  Zergling x2  
  119  7:48  Overlord  
  116  7:55  Mutalisk  
  116  7:56  Mutalisk  
  116  7:57  Mutalisk  
  113  7:59  Drone x5  
  113  8:00  Hatchery  
  113  8:01  Drone x2  
  113  8:05  Drone x2  
  121  8:15  Mutalisk x2  
  122  8:20  Queen  
  122  8:26  Zergling x12  
  130  8:30  Zerg Flyer Weapons Level 1  
  130  8:32  Overseer  
  130  8:40  Overlord  
  131  8:41  Zergling x18  
  131  8:45  Overlord  
  139  9:00  Drone  
  139  9:01  Drone x5  
  145  9:06  Overlord  
  145  9:11  Hatchery  
  144  9:17  Mutalisk  
  144  9:18  Mutalisk x4  
  155  9:24  Drone x8  
  155  9:27  Overlord  
  155  9:30  Baneling  
  155  9:31  Baneling x10  
  162  9:36  Baneling  
  162  9:37  Baneling x3  
  162  9:41  Zergling x12  
  168  9:50  Zergling x8  
  172  9:59  Overlord, Zerg Ground Armor Level 2, Zerg Melee Weapons Level 2  
  172  10:07  Zergling x4  
  172  10:08  Zergling x14  
  181  10:15  Mutalisk  
  181  10:18  Overlord x2  
  181  10:19  Overseer  
  183  10:23  Overlord  
  183  10:26  Zerg Flyer Weapons Level 2  
  183  10:29  Baneling  
  183  10:30  Baneling x4  
  183  10:31  Zergling x8  
  183  10:32  Zergling x16  
  195  10:38  Queen  
  195  10:40  Extractor  
  196  10:50  Zergling x2  
  196  10:51  Zergling x6  
  196  10:52  Baneling x17  
  196  10:53  Baneling  
  196  10:55  Overlord  
  176  11:10  Zergling x10  
  176  11:11  Zergling x8  
  152  11:12  Zergling x2  
  152  11:13  Zergling x14  
  146  11:23  Mutalisk  
  146  11:24  Mutalisk x6  
  156  11:30  Baneling  
  156  11:31  Baneling x7  
  150  11:33  Zergling x4  
  136  11:44  Zergling x2  
  136  11:45  Zergling x12  
  133  11:49  Hatchery, Baneling  
  133  11:50  Baneling  
  133  11:51  Mutalisk  
  133  11:52  Mutalisk  
  132  11:56  Zergling x6  
  132  12:00  Overseer  
  131  12:03  Zergling x12  
  131  12:04  Zergling x6  
  131  12:05  Hatchery, Baneling x6  
  131  12:08  Zergling x2  
  137  12:22  Zergling x10  
  136  12:40  Zergling x20  
  143  12:46  Baneling x8  
  131  12:54  Zergling x6  
  116  13:05  Mutalisk x9  
  112  13:09  Zergling x2  
  112  13:10  Baneling x2  
  129  13:17  Zergling x6  
  128  13:23  Zergling x10  
  133  13:32  Zerg Flyer Armor Level 1  
  131  13:34  Zergling x2  
  131  13:35  Zergling x16  
  140  13:51  Baneling  
  140  13:52  Baneling x4  
  140  13:53  Overseer  
  140  13:55  Zergling x10, Hatchery  
  141  14:12  Overseer  
  141  14:15  Zergling x2  
  141  14:16  Zergling x26  
  155  14:25  Zergling x2  
  155  14:26  Zergling x12  
  162  14:51  Baneling x5  
  162  14:52  Hatchery  
  161  14:56  Infestation Pit  
  158  15:08  Zergling x28  
  171  15:28  Queen  
  171  15:33  Hive  
  171  15:48  Mutalisk x4  
  175  15:50  Mutalisk x4  
  175  15:56  Overlord  
  183  15:59  Zerg Flyer Armor Level 2  
  183  16:07  Overseer  
  181  16:18  Baneling x17  
  179  16:19  Zergling x2, Baneling x6  
  179  16:20  Zergling x22  
  176  16:29  Zergling x16  
  173  16:41  Zergling x10  
  173  16:42  Zergling x10  
  177  16:55  Zergling x20  
  177  16:57  Baneling x3  
  176  17:11  Zergling x2  
  176  17:12  Zergling x8  
  176  17:15  Zergling x18  
  177  17:18  Baneling x2  
  143  17:31  Zergling x12  
  143  17:35  Baneling  
  143  17:36  Baneling x5  
  118  17:46  Zergling x10  
  118  17:49  Baneling  
  118  17:50  Baneling x7  
  123  17:56  Baneling x2  
  123  18:02  Baneling  
  123  18:03  Baneling x4  
  120  18:06  Zergling x16  
  123  18:16  Zergling x8  
  109  18:23  Baneling  
  109  18:24  Baneling x3  
  109  18:26  Zergling x10  
  111  18:28  Zergling x2  
  111  18:29  Baneling x5  
  111  18:34  Zergling x6  
  106  18:45  Mutalisk x4  
  101  18:55  Mutalisk x5  
  99  18:56  Mutalisk x3  
  113  19:03  Baneling Nest  
  113  19:06  Zergling x12  
  113  19:07  Zergling x4  
  120  19:11  Zergling x8  
  120  19:16  Zergling x4  
  100  19:32  Zergling x16  
  95  19:42  Mutalisk x4  
  101  19:45  Zergling x2  
  101  19:46  Zergling x12  
  101  19:49  Zergling x2  
  105  19:54  Baneling  
  105  19:55  Baneling x4  
  101  20:00  Zergling x8  
  101  20:01  Baneling  
  101  20:04  Zergling x8  
  99  20:17  Zergling x10  
  99  20:20  Extractor  
  101  20:37  Hatchery  
  101  20:40  Zergling x12  
  105  20:42  Extractor  
  105  20:43  Extractor  
  105  20:46  Baneling x2  
  105  20:47  Zergling x2  
  73  21:24  Zergling x12  
  79  21:31  Extractor  
  56  21:54  Drone x2  
  58  22:07  Baneling  
  58  22:19  Drone  
  58  22:20  Drone x2  
  61  22:28  Drone x2  
  63  22:33  Drone  
  63  22:34  Drone  
Show
View Real Time Build Order
Export as new Build Order

Optimus Terran 

Build Orders: Hellion Opening, Reaper Expand, Bio Mine 

Get SALT Encoding   

  12  0:00  SCV  
  13  0:13  SCV  
  14  0:17  Supply Depot  
  14  0:25  SCV  
  15  0:29  Refinery  
  15  0:39  SCV  
  16  0:45  Barracks  
  16  0:51  SCV  
  17  1:03  SCV  
  18  1:15  SCV  
  19  1:32  Reaper, Orbital Command  
  20  1:44  Command Center  
  20  1:57  Factory  
  20  1:58  SCV  
  21  2:05  Supply Depot  
  21  2:07  Barracks Reactor  
  21  2:11  SCV  
  22  2:16  Refinery  
  22  2:23  SCV  
  23  2:35  SCV  
  24  2:45  Starport  
  24  2:47  SCV  
  24  2:48  Hellion x2  
  29  2:56  Barracks Tech Lab  
  29  3:00  SCV  
  29  3:04  Orbital Command  
  30  3:10  Hellion  
  30  3:12  Hellion  
  34  3:15  SCV  
  35  3:27  SCV  
  35  3:29  Viking  
  35  3:32  SCV  
  35  3:33  Supply Depot  
  39  3:39  Hellion, SCV  
  42  3:43  Hellion  
  42  3:45  SCV  
  45  3:51  SCV  
  45  3:53  Supply Depot  
  46  3:59  Raven  
  48  4:04  SCV x2  
  48  4:06  Supply Depot  
  48  4:08  Hellion  
  54  4:10  Hellion  
  54  4:16  SCV x2  
  55  4:28  SCV  
  53  4:31  SCV  
  53  4:33  Armory  
  54  4:39  Hellion x2  
  54  4:40  SCV  
  54  4:42  Raven  
  54  4:44  SCV  
  61  4:52  SCV  
  62  4:54  Supply Depot  
  62  4:56  SCV  
  62  5:07  Command Center  
  62  5:11  SCV  
  61  5:16  SCV  
  61  5:17  Barracks  
  61  5:18  Barracks  
  62  5:23  SCV  
  62  5:26  Engineering Bay x2  
  63  5:28  SCV  
  63  5:34  Factory Reactor, Starport Reactor  
  63  5:35  SCV  
  65  5:37  Marine  
  65  5:38  Stimpack  
  65  5:40  SCV  
  67  5:47  SCV  
  67  5:48  Refinery  
  68  5:54  Barracks, Marine  
  68  5:56  Barracks, SCV  
  68  5:59  SCV  
  69  6:06  Terran Infantry Armor Level 1, Terran Infantry Weapons Level 1  
  69  6:08  SCV  
  62  6:11  SCV  
  62  6:14  Marine x3  
  62  6:17  Marine x2  
  64  6:20  Factory Reactor  
  64  6:21  SCV, Orbital Command  
  64  6:23  SCV  
  62  6:30  Medivac x2  
  62  6:31  Marine  
  62  6:32  Marine  
  68  6:33  SCV  
  68  6:36  Supply Depot, SCV  
  70  6:40  Marine x2, Orbital Command  
  70  6:42  Barracks Reactor  
  70  6:44  Barracks Reactor  
  70  6:45  Supply Depot, SCV  
  73  6:47  Marine  
  73  6:48  SCV  
  73  6:49  Marine  
  74  6:55  Refinery, Marine  
  74  6:57  SCV  
  74  6:58  Marine x2  
  74  6:59  Widow Mine x2  
  74  7:00  SCV  
  83  7:04  Missile Turret  
  83  7:06  Missile Turret  
  83  7:09  SCV  
  83  7:10  SCV  
  83  7:12  SCV  
  83  7:15  Marine x3  
  87  7:16  Marine  
  90  7:23  Missile Turret, SCV x2  
  90  7:24  SCV  
  90  7:26  Bunker  
  93  7:30  Reaper  
  93  7:32  Marine x4  
  93  7:34  Widow Mine x2  
  93  7:36  SCV x3  
  105  7:40  Factory  
  105  7:41  Combat Shields  
  103  7:48  Missile Turret, SCV  
  97  7:55  Medivac x2, Marine  
  97  7:56  Marine x2  
  97  7:57  SCV  
  97  7:58  Marine x4  
  105  8:06  Marine x2  
  105  8:07  Barracks x2  
  105  8:09  Barracks  
  105  8:12  Widow Mine  
  107  8:17  Supply Depot  
  107  8:18  Supply Depot  
  107  8:19  Supply Depot  
  109  8:26  Refinery  
  109  8:27  Refinery  
  109  8:30  Factory Tech Lab  
  109  8:38  Marine x7, SCV  
  109  8:39  Supply Depot, Widow Mine, SCV x2  
  121  8:41  Supply Depot  
  119  8:50  Terran Infantry Weapons Level 2, SCV  
  119  8:51  Terran Infantry Armor Level 2  
  119  8:52  SCV  
  119  8:54  Marine x2  
  124  8:56  Marine, Barracks Tech Lab x2  
  124  8:57  Barracks Tech Lab  
  124  8:59  Supply Depot  
  123  9:11  Drilling Claws  
  123  9:12  Supply Depot x2, Widow Mine x2  
  123  9:14  Missile Turret  
  123  9:16  Marine x3  
  130  9:17  Marine  
  130  9:22  Missile Turret  
  131  9:27  Thor  
  131  9:29  SCV  
  138  9:31  SCV  
  138  9:36  Medivac x2  
  143  9:42  SCV  
  144  9:50  Widow Mine x2  
  144  9:52  Marauder x2, Marine x4  
  155  9:56  Supply Depot  
  155  9:59  SCV  
  156  10:00  Marauder x2, Marine x2  
  162  10:07  Supply Depot  
  162  10:08  Supply Depot  
  162  10:11  Thor, SCV  
  162  10:12  Concussive Shells  
  169  10:15  Marine x2  
  169  10:16  Marine  
  169  10:17  Marine  
  173  10:21  Missile Turret  
  173  10:22  Missile Turret  
  173  10:27  Missile Turret  
  173  10:28  Missile Turret  
  173  10:29  Missile Turret  
  173  10:33  Marauder  
  173  10:34  Marauder  
  177  10:39  Marauder x2, Marine  
  182  10:54  Marauder  
  182  10:56  Marauder  
  177  10:58  Marine  
  177  10:59  Marine  
  177  11:01  Marauder x2  
  179  11:06  Marine  
  179  11:07  Marine x5  
  154  11:16  Marauder, Marine  
  154  11:17  Marine x2  
  148  11:21  Marine x2  
  148  11:24  Marine x2  
  148  11:25  Marine x2  
  147  11:29  Widow Mine  
  142  11:33  Marine  
  142  11:35  Marauder, SCV x2  
  138  11:45  Marauder  
  137  11:49  Marine x2  
  135  11:56  Marine  
  135  11:57  Marine x3  
  135  11:58  Marine  
  143  12:09  Medivac x2  
  144  12:16  Marauder  
  144  12:17  Marauder, Marine  
  144  12:19  Marauder  
  144  12:22  Marine x2  
  146  12:30  Terran Infantry Weapons Level 3  
  146  12:32  Marine  
  146  12:33  Marine  
  146  12:34  Marine  
  141  12:38  Terran Infantry Armor Level 3  
  134  12:49  Marauder x2, Marine  
  127  12:52  Marine x3  
  127  12:56  Marine x5  
  127  12:58  Widow Mine x2  
  103  13:08  Marauder  
  103  13:09  Medivac x2  
  103  13:11  Marauder  
  101  13:13  Marine x5  
  101  13:16  Marine  
  101  13:17  Marauder, Marine  
  99  13:24  Marine  
  99  13:26  Widow Mine, Marine  
  99  13:30  Marauder, Marine  
  99  13:31  Marine x2  
  103  13:37  Marauder  
  103  13:39  Medivac  
  107  13:44  Thor  
  107  13:46  Orbital Command  
  113  13:48  Marauder  
  113  13:52  Widow Mine  
  113  13:54  Medivac  
  117  14:01  Marauder  
  117  14:02  Widow Mine  
  119  14:06  Marine  
  122  14:15  Marauder x2  
  126  14:19  Marauder  
  126  14:20  Marine  
  127  14:24  Marine  
  127  14:25  Marine x3  
  131  14:34  Thor  
  131  14:37  Refinery  
  137  14:45  Marauder x2, Marine x3  
  142  14:56  Widow Mine x2  
  142  14:58  Marauder x2, Orbital Command  
  142  14:59  Marine x3  
  152  15:00  Marine  
  152  15:04  Missile Turret  
  154  15:07  Missile Turret  
  154  15:09  Missile Turret  
  154  15:18  Marauder x2  
  154  15:19  Marauder  
  156  15:28  Marine x2  
  156  15:29  Marauder, Marine  
  156  15:32  Widow Mine  
  156  15:33  Widow Mine  
  165  15:39  Marauder  
  165  15:40  SCV x2  
  166  15:50  SCV  
  166  15:51  Marine, Missile Turret, Marauder x2  
  166  15:52  SCV  
  173  15:58  Marauder, Marine  
  173  16:01  Marauder  
  173  16:03  Missile Turret  
  178  16:09  Supply Depot, Orbital Command  
  178  16:10  Supply Depot  
  178  16:14  Widow Mine x2  
  181  16:24  Marauder x2  
  170  16:27  Marine  
  170  16:28  Marauder x2, Marine  
  176  16:34  SCV x3  
  176  16:45  Marauder  
  176  16:46  Marauder  
  182  16:47  Medivac  
  182  16:50  Medivac  
  186  16:56  Marine  
  186  16:57  Marine x5  
  186  16:59  Marine  
  189  17:08  Marine  
  176  17:15  Marine  
  173  17:23  Marine  
  138  17:31  Marine  
  138  17:32  Marine  
  102  17:37  Marine  
  102  17:42  Marine  
  104  17:47  Marine  
  105  17:53  SCV  
  106  18:03  Marine x2  
  100  18:16  Marine x5  
  100  18:17  Marine  
  80  18:32  Marine x6  
  75  18:49  Marine x6  
  75  18:50  Marine  
  75  18:51  Marine  
  75  18:55  Marine  
  77  19:02  Marine  
  76  19:05  Widow Mine  
  76  19:07  Widow Mine  
  79  19:11  Widow Mine  
  79  19:15  Marine  
  82  19:17  Marine  
  82  19:20  Marine  
  82  19:21  Marine  
  78  19:34  Marine x5  
  78  19:36  Marine  
  75  19:39  Marine  
  70  19:47  Unknown x2  
  70  19:48  Marine x2  
  72  19:54  Marine x2  
  72  19:58  Marine x2  
  76  20:01  Widow Mine x2  
  76  20:05  Widow Mine  
  76  20:06  SCV x2  
  81  20:09  Marine  
  78  20:19  Medivac x2  
  78  20:20  Marine  
  68  20:24  Marine  
  68  20:25  Marine x2  
  68  20:28  Marine  
  66  20:30  Widow Mine  
  68  20:38  Marine  
  69  20:45  Marine x3  
  70  20:50  Marine x2  
  70  20:51  Marine  
  70  20:52  Marine  
  70  20:56  Marine  
  72  20:58  Marine x2  
  63  21:10  Marine x2  
  63  21:18  Marine  
  53  21:41  Marine  
  40  21:50  Orbital Command  
  34  22:00  Marine  
  35  22:22  Marine  
Tags
 
Add a new tag
Caveats
  • Supply blocks, unpowered buildings, or Contaminate may cause inaccurate times.
  • Supply counts are checked every 10 seconds.